AoeStats
← nachvil

Arena

504134241Analyzed
2v2 RM · 1mo ago on Sep 4, 2026· 62m 5s· 4 players
Game mode
Random Map
Map size
Medium (4 player)
Population
200
Speed
Normal
Resources
Standard
Victory
Conquest
Starting age
Dark Age
Ending age
Imperial Age
RankedLock teamsTeams togetherTeam positionsShared explorationLock speedFull tech treeHidden civsTurbo modeCheats
Victory
Defeat
🇺🇸 Byzantines · United States
924
+15
🇦🇺 Goths · Australia
901
+15
🇨🇱 Chinese · Chile
898
-42
🇨🇱 Teutons · Chile
898
-42
Toxiquin
0:31 Loom
10:22 Feudal Age
12:41 Wheelbarrow
12:03 Double-Bit Axe
17:43 Castle Age
16:41 Stone Mining
16:58 Horse Collar
18:30 Town Watch
21:29 Town Patrol
21:45 Hand Cart
21:34 Fletching
22:58 Bow Saw
24:31 Pikeman
26:30 Elite Skirmisher
28:43 Bodkin Arrow
31:08 Thumb Ring
35:26 Imperial Age
39:27 Two-Man Saw
38:20 Gold Mining
41:59 Chemistry
41:20 Ballistics
41:03 Bracer
43:01 Heavy Plow
43:49 Stone Shaft Mining
42:44 Halberdier
43:25 Squires
43:10 Arson
42:47 Elite Fire Lancer
42:48 Man-at-Arms
46:28 Forging
46:36 Murder Holes
49:07 Iron Casting
48:33 Scale Mail Armor
50:57 Conscription
53:51 Blast Furnace
53:06 Chain Mail Armor
52:44 Heavy Rocket Cart
58:27 Long Swordsman
58:36 Elite Chu Ko Nu
59:30 Two-Handed Swordsman
60:10 Champion
nachvil
10:39 Feudal Age
12:43 Wheelbarrow
12:49 Wheelbarrow
16:39 Double-Bit Axe
17:08 Gold Mining
17:09 Stone Mining
19:43 Forging
19:37 Scale Mail Armor
19:46 Scale Barding Armor
23:36 Castle Age
22:05 Arson
24:41 Pikeman
25:27 Squires
27:25 Iron Casting
29:34 Bow Saw
29:57 Hand Cart
37:45 Imperial Age
38:48 Conscription
39:11 Hoardings
40:11 Heavy Scorpion
41:36 Halberdier
45:15 Elite Teutonic Knight
50:05 Blast Furnace
49:20 Chain Mail Armor
Mr Phobos 141
12:49 Feudal Age
13:30 Horse Collar
13:46 Double-Bit Axe
16:37 Castle Age
19:10 Bow Saw
23:18 Wheelbarrow
24:36 Forging
24:26 Scale Mail Armor
23:49 Pikeman
24:30 Squires
24:15 Arson
24:28 Gold Mining
26:26 Gold Shaft Mining
26:22 Chain Mail Armor
26:45 Iron Casting
28:06 Heavy Plow
28:01 Stone Mining
31:42 Hand Cart
31:15 Loom
40:46 Imperial Age
38:25 Husbandry
37:50 Light Cavalry
39:15 Ballistics
40:19 Scale Barding Armor
41:49 Chain Barding Armor
42:01 Plate Mail Armor
41:21 Fletching
41:32 Padded Archer Armor
40:55 Halberdier
41:10 Hussar
43:11 Plate Barding Armor
45:34 Stone Shaft Mining
46:01 Two-Man Saw
45:32 Crop Rotation
48:50 Bodkin Arrow
49:10 Leather Archer Armor
50:00 Chemistry
48:56 Murder Holes
51:25 Conscription
51:20 Logistica
51:19 Bracer
51:49 Ring Archer Armor
53:23 Elite Cataphract
54:00 Man-at-Arms
54:26 Gambesons
54:38 Long Swordsman
56:00 Two-Handed Swordsman
56:31 Champion
joseph
13:33 Feudal Age
17:09 Castle Age
15:01 Double-Bit Axe
14:59 Horse Collar
18:19 Bow Saw
26:58 Heavy Plow
33:08 Imperial Age
31:48 Wheelbarrow
32:17 Scale Mail Armor
32:29 Forging
33:03 Anarchy
33:20 Hand Cart
34:16 Perfusion
34:36 Conscription
34:22 Man-at-Arms
34:23 Pikeman
35:03 Squires
35:24 Chain Mail Armor
35:45 Iron Casting
34:53 Long Swordsman
34:54 Halberdier
36:59 Crop Rotation
35:56 Two-Handed Swordsman
38:32 Blast Furnace
37:48 Town Watch
39:34 Town Patrol
39:19 Loom
40:25 Gold Mining
39:57 Champion
40:34 Stone Mining
40:47 Caravan
42:09 Two-Man Saw
41:47 Elite Huskarl
48:03 Sappers
60:27 Elite Skirmisher
Connection lost

Rejoining the realm…

Still unreachable

The connection could not be restored.

Session expired

The server has moved on; the page needs a fresh start.